 Dungeon Crawl Stone Soup version 0.27-a0-291-gd9602db6ee (webtiles) character file.

Game seed: 8852898117731456494

268 epen the Poker (level 6, -2/55 HPs)
             Began as a Naga Gladiator on Feb 9, 2021.
             Shot with an arrow by a centaur (16 damage)
             ... on level 5 of the Dungeon.
             The game lasted 00:05:42 (5198 turns).

epen the Poker (Naga Gladiator)                     Turns: 5198, Time: 00:05:43

Health: -2/55      AC:  7    Str: 18    XL:     6   Next: 21%
Magic:  6/6        EV: 10    Int:  9    God:
Gold:   261        SH:  0    Dex: 12    Spells: 5/5 levels left

rFire    . . .     SeeInvis +   a - +1 trident
rCold    . . .     Faith    .   (no shield)
rNeg     . . .     Spirit   .   b - +0 leather armour
rPois    +         Reflect  .   (helmet restricted)
rElec    .         Harm     .   (no cloak)
rCorr    .         Rampage  .   (no gloves)
Will     .....                  (no barding)
Stlth    +.........             q - amulet of magic regeneration
HPRegen  0.18/turn              s - ring of wizardry
MPRegen  0.35/turn              (no ring)

@: short of breath, very slow
A: large, antennae 1, icy blue scales 1, thin metallic scales 1, see invisible,
deformed body, poison resistance, screaming 1, slowness 2, spit poison 1, AC +2
a: Spit Poison


You were on level 5 of the Dungeon.
You visited 1 branch of the dungeon, and saw 5 of its levels.

You collected 261 gold pieces.

Inventory:

Hand Weapons
 a - a +1 trident (weapon)
Missiles
 d - 3 throwing nets (quivered)
Armour
 b - a +0 leather armour (worn)
 c - a +1 helmet
Jewellery
 q - an amulet of magic regeneration (around neck)
 r - an uncursed amulet of faith
 s - a ring of wizardry (left hand)
Scrolls
 e - 2 scrolls of enchant armour
 i - 4 scrolls of teleportation
 j - a scroll of remove curse
 l - a scroll of enchant weapon
 n - a scroll of identify
 u - a scroll of fog
Potions
 g - a potion of berserk rage
 h - a potion of might
 k - a potion of curing
 o - 2 potions of invisibility
 p - a potion of lignification


   Skills:
 + Level 2.8 Fighting
 * Level 4.7 Polearms
 + Level 2.3 Throwing
 + Level 1.5 Armour
 + Level 3.4 Dodging


You had 5 spell levels left.
You didn't know any spells.
Your spell library contained the following spells:

 Spells                   Type           Power        Failure   Level
 Beastly Appendage        Tmut           0%           19%         1
 Wereblood                Tmut           0%           28%         2
 Confusing Touch          Hex            0%           47%         3
 Gell's Gravitas          Tloc           0%           47%         3
 Spider Form              Tmut/Pois      0%           47%         3
 Ice Form                 Ice/Tmut       0%           86%         4
 Petrify                  Tmut/Erth      0%           86%         4
 Blade Hands              Tmut           0%           99%         5
 Metabolic Englaciation   Hex/Ice        0%           99%         5
 Yara's Violent Unravell  Hex/Tmut       0%           99%         5


Dungeon Overview and Level Annotations

Branches:
Dungeon (5/15)
 Temple: D:4-7

Altars:
Ashenzari
Kikubaaqudgha
Nemelex Xobeh

Annotations:
D:3 2 transporters
D:4 3 runed translucent doors, Lanoc's ghost, amateur DsGl


Innate Abilities, Weirdness & Mutations

You cannot wear boots.
Your serpentine skin is tough. (AC +2)
You have supernaturally acute eyesight. (SInv)
Armour fits poorly on your strangely shaped body.
Your system is resistant to poisons. (rPois)
You cover ground very slowly.
You can spit poison.
You have a pair of small antennae on your head.
You are partially covered in icy blue scales. (AC +2)
You are partially covered in thin metallic scales. (AC +2)
You occasionally shout uncontrollably at your foes.


Message History

Okay, then.
Okay, then.
Okay, then.
Press: ? - help, Shift-Dir - straight line, f - centaur
Aim: a centaur, wielding a +0 shortbow and quivering arrows The splash of poison hits the centaur.
The centaur is poisoned.
The centaur is moderately wounded.
The centaur shoots an arrow.
The arrow misses you. The sky beast closely misses you.
The centaur shoots an arrow.
The arrow hits you.
* * * LOW HITPOINT WARNING * * *
You feel better. The sky beast hits you. The sky beast shocks you.
* * * LOW HITPOINT WARNING * * *
Okay, then.
You barely miss the sky beast.
The sky beast is severely wounded.
The centaur shoots an arrow.
The arrow hits the sky beast!
The sky beast dies!
The centaur shoots an arrow.
The arrow hits you!
You die...

.. #$# #. ... # #. #.#
.#.##.##.#### .# ............ .#
..........# ..# .....c....# ..#
.....l†@..###..####
..................# ..#
..................# ..#
........#####.#..##.# c.##
#.....#.#####.#..##.# ....
....................# ...
..........###....##.##### ..#
#.......................#
..######.......................##


You could see a centaur (poisoned) and an iguana.

Vanquished Creatures
  An ogre (D:2)
  An iguana (D:2)
  4 gnolls (D:2)
  4 adders
  2 oozes (D:3)
  3 dart slugs
  4 leopard geckos
  2 orcs
  4 giant cockroaches
  10 goblins
  12 hobgoblins
  4 kobolds
  2 quokkas
  A ball python zombie (D:5)
  4 bats
  4 frilled lizards
  2 leopard gecko skeletons (D:4)
  8 rats
72 creatures vanquished.

Vanquished Creatures (others)
  A sky beast (D:5)
  4 withered plants (D:2)
5 creatures vanquished.

Grand Total: 77 creatures vanquished

Notes
Turn   | Place    | Note
-------+----------+-------------------------------------------
     0 | D:1      | epen the Naga Gladiator began the quest for the Orb.
     0 | D:1      | Reached XP level 1. HP: 19/19 MP: 1/1
   181 | D:1      | Reached XP level 2. HP: 17/26 MP: 2/2
  1143 | D:1      | Reached XP level 3. HP: 30/32 MP: 3/3
  1429 | D:2      | Noticed an ogre
  1435 | D:2      | Killed an ogre
  1436 | D:2      | Reached skill level 4 in Polearms
  1436 | D:2      | Reached skill level 1 in Armour
  1436 | D:2      | Reached XP level 4. HP: 40/40 MP: 4/4
  1458 | D:2      | Reached XP level 5. HP: 25/46 MP: 5/5
  2286 | D:2      | Found an ancient bone altar of Kikubaaqudgha.
  2312 | D:2      | Found a broken altar of Ashenzari.
  2762 | D:3      | Found a transporter.
  2885 | D:3      | Reached XP level 6. HP: 55/55 MP: 6/6
  3276 | D:3      | Found a transporter.
  3440 | D:3      | Found a sparkling altar of Nemelex Xobeh.
  4572 | D:4      | Found a runed translucent gate.
  4572 | D:4      | Found a runed translucent gate.
  4572 | D:4      | Found a runed translucent gate.
  4573 | D:4      | Noticed Lanoc's ghost (amateur DsGl)
  4959 | D:5      | Entered Level 5 of the Dungeon
  4975 | D:5      | Gained mutation: You can exhale a cloud of poison. [potion
                  | of mutation]
  4975 | D:5      | Gained mutation: You occasionally shout uncontrollably at
                  | your foes. [potion of mutation]
  4975 | D:5      | Gained mutation: You are occasionally teleported next to
                  | monsters. [potion of mutation]
  4975 | D:5      | Gained mutation: Your natural rate of healing is unusually
                  | fast. [potion of mutation]
  4976 | D:5      | Lost mutation: You can exhale a cloud of poison. [potion of
                  | mutation]
  4976 | D:5      | Lost mutation: You are occasionally teleported next to
                  | monsters. [potion of mutation]
  4976 | D:5      | Lost mutation: Your natural rate of healing is unusually
                  | fast. [potion of mutation]
  4976 | D:5      | Gained mutation: You are partially covered in icy blue
                  | scales. (AC +2) [potion of mutation]
  4976 | D:5      | Gained mutation: You are partially covered in thin metallic
                  | scales. (AC +2) [potion of mutation]
  4976 | D:5      | Gained mutation: You have a pair of small antennae on your
                  | head. [potion of mutation]
  4999 | D:5      | Noticed a sky beast
  5198 | D:5      | Killed a sky beast
  5198 | D:5      | Shot with an arrow by a centaur

Illustrated notes

Levels and vault maps discovered:
D:1:      dpeg_arrival_stonehenge_8_columns, layout_loops_ring
D:2:      layout_loops_cross, kiku_gazebo_garden_becter, lemuel_doored_altar,
          grunt_ministairs_14
D:3:      gammafunk_wand_slinger, layout_basic, chequers_serial_rivers_micro_d,
          nemelex_diamond_rough_becter
D:4:      layout_basic, ebering_ghost_rock_garden
D:5:      layout_basic

Skill      XL: |  1  2  3  4 |
---------------+-------------+-----
Polearms       | 4 |  4.7
Throwing       | 2 |  2.3
Armour         | 1 |  1.5
Dodging        | 3 |  3.4
Fighting       | |  2.8

Action                   |  1- 3 |  4- 6 || total
-------------------------+-------+-------++-------
Melee: Trident           |    72 |   204 ||   276
Throw: Throwing net      |     2 |     1 ||     3
 Abil: Spit Poison       |     4 |     4 ||     8
  Use: Scroll            |     4 |    10 ||    14
       Potion            |       |     4 ||     4
 Stab: Held in net/web   |       |     1 ||     1
       Sleeping          |       |     1 ||     1
Armor: Leather armour    |    19 |    47 ||    66
Dodge: Dodged            |    31 |    98 ||   129

Table legend: (Time is in decaauts)
 A = Elapsed time spent in this place.
 B = Non-inter-level travel time spent in this place.
 C = Inter-level travel time spent in this place.
 D = Time resting spent in this place.
 E = Time spent auto-exploring this place.
 F = Levels seen in this place.
 G = Mean time per level.
                   A        B        C        D        E       F      G
               +--------+--------+--------+--------+--------+-----+--------+
         Total |   6452 |   6245 |    207 |    638 |   4984 |   5 | 1290.4 |
       Dungeon |   6452 |   6245 |    207 |    638 |   4984 |   5 | 1290.4 |
               +--------+--------+--------+--------+--------+-----+--------+

Top non-repeatable levels by time:
     D:1: 1677 daAuts
     D:2: 1595 daAuts
     D:4: 1461 daAuts
     D:3: 1431 daAuts
     D:5: 286 daAuts
